 Dungeon Crawl Stone Soup version 0.14.1 (webtiles) character file.

1338 Heini the Cleaver (level 8, -15/71 HPs)
             Began as a Hill Orc Fighter on May 1, 2014.
             Was an Initiate of Okawaru.
             Demolished by Pikel
             ... wielding a +2,+2 whip of electrocution
              (21 damage)
             ... on Level 5 of the Dungeon.
             The game lasted 00:20:45 (5048 turns).

Heini the Cleaver (Hill Orc Fighter)                Turns: 5048, Time: 00:20:45

HP -15/71        AC 11     Str 21      XL: 8   Next: 31%
MP   8/8         EV  4     Int  8      God: Okawaru [......]
Gold 244         SH 15     Dex 10      Spells:  0 memorised,  7 levels left

rFire  . . .     SeeInvis .     a - +0 war axe
rCold  . . .     Clarity  .     e - +0 chain mail
rNeg   . . .     Conserve .     c - +0 shield
rPois  .         rCorr    .     (no helmet)
rElec  .         rRot     .     (no cloak)
SustAb + .       Spirit   .     (no gloves)
rMut   .         Warding  .     n - +1 pair of boots {Fly}
Gourm  +         Stasis   .     o - amulet of the gourmand
MR     .....                    (no ring)
                                v - ring of sustain abilities

@: flying, very heavily drained, not resistant to hostile enchantments,
extremely unstealthy
A: saprovore 1
a: Renounce Religion, Stop Flying


You were on level 5 of the Dungeon.
You worshipped Okawaru.
Okawaru was noncommittal.
You were full.

You visited 1 branch of the dungeon, and saw 6 of its levels.

You collected 244 gold pieces.

Inventory:

Hand weapons
 a - a +0,+0 war axe (weapon)
Armour
 c - a +0 shield (worn)
 e - a +0 chain mail (worn)
 n - a +1 pair of boots of flying (worn)
Magical devices
 m - a wand of digging (11) {unknown}
 q - a wand of invisibility (3)
 w - a wand of magic darts (8) {unknown}
Comestibles
 b - an apple
 d - 4 meat rations
 p - 4 bread rations
 D - a pear
Scrolls
 f - a scroll of blinking {unknown}
 j - 2 scrolls of enchant armour {unknown}
 k - 2 scrolls of enchant weapon II {unknown}
 l - 3 scrolls of remove curse
 x - a scroll of enchant weapon I {unknown}
 y - a scroll of noise {unknown}
Jewellery
 o - an amulet of the gourmand (around neck)
 t - an uncursed amulet of stasis
 v - a ring of sustain abilities (left hand)
 z - an uncursed ring of hunger {unknown}
Potions
 g - 2 potions of restore abilities
 h - a potion of haste
 i - a potion of curing
 r - a potion of berserk rage {unknown}
 u - a potion of confusion
 A - a potion of poison {unknown}
 B - a potion of magic {unknown}
 C - 2 potions of might


   Skills:
 * Level 6.8(2.7) Fighting
 * Level 8.1(3.8) Axes
 * Level 7.1(3.0) Armour
 - Level 3.2(0.0) Shields


You had 7 spell levels left.
You didn't know any spells.

Dungeon Overview and Level Annotations

Branches:
Dungeon (6/15)
 Temple: D:4-7

Altars:
Nemelex Xobeh
Okawaru
Trog
The Shining One

Annotations:
D:5 Pikel
D:6 Kae's ghost, experienced DrTm


Innate Abilities, Weirdness & Mutations

You can tolerate rotten meat.


Message History

Pikel is moderately wounded.
The giant frog hits you but does no damage.
Pikel hits you with a whip of electrocution!
* * * LOW HITPOINT WARNING * * *
The giant frog hits you.
* * * LOW HITPOINT WARNING * * *
Pikel hits you but does no damage.
You are electrocuted!
* * * LOW HITPOINT WARNING * * *
Drink which item? (? for menu, Esc to quit)
You feel better. The giant frog hits you.
* * * LOW HITPOINT WARNING * * *
Pikel hits you with a whip of electrocution.
* * * LOW HITPOINT WARNING * * *
You block the giant frog's attack.
The giant frog hits you but does no damage.
Pikel scowls and wipes his hands on his robe.
Pikel hits you with a whip of electrocution.
* * * LOW HITPOINT WARNING * * *
You are electrocuted!
You die...

#.# #..# #.#
#.###########..# #.#
##..............########.#
..............)..........#
..#########..............#
..# #.)###########.# ..#
#..# #.#
..#########..###########.#
...............F@........#
...............K.........#
.............@.#########.#
####.#########.#########.#
.....#########...........#
...........>%............#
.######..........#########
.# #..........#########
.######...........)......#


You could see Pikel, a slave and a giant frog.

Vanquished Creatures
  Eustachio (D:4)
  An ice beast (D:5)
  A phantom (D:5)
  2 crimson imps (D:5)
  3 hounds
  2 orc priests
  13 orc wizards
  A worker ant (D:6)
  7 adders
  A giant mite (D:3)
  A worm (D:4)
  A white imp (D:4)
  A giant eyeball (D:5)
  4 giant geckos
  13 orcs
  8 goblins
  8 hobgoblins
  9 jackals
  8 kobolds
  12 bats
  5 giant cockroaches
  5 giant newts
  A jackal skeleton (D:4)
  A kobold skeleton (D:4)
  4 quokkas
  5 rats
  2 rat skeletons
120 creatures vanquished.

Notes
Turn   | Place    | Note
--------------------------------------------------------------
     0 | D:1      | Heini, the Hill Orc Fighter, began the quest for the Orb.
     0 | D:1      | Reached XP level 1. HP: 19/19 MP: 1/1
   310 | D:1      | Reached XP level 2. HP: 27/27 MP: 2/2
   332 | D:1      | Reached skill level 4 in Fighting
   510 | D:2      | Reached XP level 3. HP: 10/34 MP: 3/3
  1054 | D:2      | Reached XP level 4. HP: 38/41 MP: 4/4
  1589 | D:3      | Found a sparkling altar of Nemelex Xobeh.
  1912 | D:4      | Reached XP level 5. HP: 20/47 MP: 5/5
  1919 | D:4      | Reached skill level 5 in Fighting
  2128 | D:4      | Reached skill level 5 in Armour
  2196 | D:4      | Noticed Eustachio
  2224 | D:4      | Reached XP level 6. HP: 40/56 MP: 6/6
  2251 | D:4      | Killed Eustachio
  2251 | D:4      | Reached skill level 5 in Axes
  2660 | D:5      | Entered Level 5 of the Dungeon
  2970 | D:5      | Found an iron altar of Okawaru.
  2976 | D:5      | Paralysed by a giant eyeball for 4 turns
  2985 | D:5      | Became a worshipper of Warmaster Okawaru
  3199 | D:5      | Reached skill level 6 in Axes
  3199 | D:5      | Reached XP level 7. HP: 58/62 MP: 7/7
  3577 | D:5      | Reached skill level 7 in Axes
  3788 | D:5      | Acquired Okawaru's first power
  3788 | D:5      | Reached XP level 8. HP: 61/71 MP: 8/8
  3890 | D:5      | Found a bloodstained altar of Trog.
  4217 | D:4      | Reached skill level 8 in Axes
  4545 | D:6      | Found a glowing golden altar of the Shining One.
  4608 | D:6      | Noticed Kae's ghost (experienced DrTm)
  4642 | D:6      | HP: 2/71 [Kae's ghost/blast of negative energy (21)]
  5020 | D:6      | Noticed Pikel
  5045 | D:5      | HP: 2/71 [Pikel/whip of electrocution (10)]
  5048 | D:5      | Demolished by Pikel

Action                   |  1- 3 |  4- 6 |  7- 9 || total
-------------------------+-------+-------+-------++-------
Melee: War axe           |   120 |   222 |   201 ||   543
Evoke: Wand              |     1 |     1 |       ||     2
  Use: Scroll            |     5 |     6 |     1 ||    12
       Potion            |       |     2 |     2 ||     4
 Stab: Invisible         |       |     2 |       ||     2
